 Dungeon Crawl Stone Soup version 0.30.0-10-gfe55d96785 (webtiles) character file.

Game seed: 8502110910790591840

13248 monsoonserge the Slicer (level 12, -7/101 HPs)
             Began as a Meteoran Monk on May 14, 2023.
             Was a High Priest of Makhleb.
             Mangled by an orc knight
             ... wielding a +0 great sword
              (8 damage)
             ... on level 2 of the Orcish Mines.
             The game lasted 01:05:25 (6418 turns).

monsoonserge the Slicer (Meteoran Monk)             Turns: 6418, Time: 01:05:26

Health: -7/101     AC: 24    Str: 16    XL:     12   Next: 61%
Magic:  20/20      EV:  8    Int: 13    God:    Makhleb [*****.]
Gold:   1258       SH: 17    Dex: 21    Spells: 11/11 levels left

rFire   + . .        i - +7 short sword of Responsibility {drain, Str+3}
rCold   . . .        L - +0 kite shield
rNeg    . . .        c - +2 plate armour {rF+}
rPois   .            X - +0 hat {Stlth+}
rElec   .            U - +4 cloak of Sif Muna's Respect {Stlth+}
rCorr   +            Y - +0 pair of gloves
SInv    .            V - +0 pair of boots
Will    +....        Z - amulet of reflection Stlth
                     h - ring of resist corrosion
HPRegen 0.36/turn    P - +4 ring of slaying
MPRegen 0.17/turn

%: reflection
@: mighty, glowing
A: sense surroundings 2, otherworldly, glowing, explore regen
a: Renounce Religion, Minor Destruction, Lesser Servant of Makhleb, Major
Destruction, Greater Servant of Makhleb


You were on level 2 of the Orcish Mines.
You worshipped Makhleb.
Makhleb was extremely pleased with you.
You visited 3 branches of the dungeon, and saw 13 of its levels.
You also visited: Bailey.

You collected 1258 gold pieces.

Inventory:

Hand Weapons
 i - the +7 short sword of Responsibility (weapon) {drain, Str+3}
   (You found it on level 9 of the Dungeon)

   Str:       It affects your strength (+3).
 q - a +0 shortbow
 s - a +1 heavy sling
Missiles
 b - 4 boomerangs
 d - 5 datura-tipped darts
 e - 4 atropa-tipped darts
 o - 6 javelins
 x - 5 poisoned darts (quivered)
 z - 4 throwing nets
 N - 3 silver boomerangs
Armour
 c - a +2 plate armour of fire resistance (worn)
 n - a +0 scale mail
 v - a +0 buckler
 L - a +0 kite shield (worn)
 R - a +0 chain mail
 T - +2 ice dragon scales
 U - the +4 cloak of Sif Muna's Respect (worn) {Stlth+}
   (You found it in a bailey)

   Stlth:     It makes you more stealthy.
 V - a +0 pair of boots (worn)
 X - a +0 hat of stealth (worn)
 Y - a +0 pair of gloves (worn)
Magical Staves
 t - a staff of air
Jewellery
 h - a ring of resist corrosion (left hand)
 u - the amulet "Ponkieb" {Spirit rC+ Str-3 Dex+2}
   (You found it on level 3 of the Dungeon)

   [amulet of guardian spirit]

   It causes incoming damage to be divided between your reserves of health and
   magic.
   Str:       It affects your strength (-3).
   Dex:       It affects your dexterity (+2).
   rC:        It protects you from cold.
 K - a ring of wizardry
 O - a ring of wizardry
 P - a +4 ring of slaying (right hand)
 Z - an amulet of reflection (around neck)
Wands
 p - a wand of digging (5)
 I - a wand of flame (6)
 W - a wand of paralysis (4)
Scrolls
 g - 8 scrolls of identify {unknown}
 k - 3 scrolls of immolation {unknown}
 l - 2 scrolls of enchant weapon {unknown}
 r - a scroll of vulnerability {unknown}
 w - 2 scrolls of fear {unknown}
 y - 2 scrolls of brand weapon {unknown}
 C - 4 scrolls of poison {unknown}
 F - a scroll of magic mapping {unknown}
 J - 2 scrolls of teleportation {unknown}
 Q - 3 scrolls of fog {unknown}
Potions
 a - a potion of flight {unknown}
 f - 2 potions of might
 j - 9 potions of curing
 m - 3 potions of brilliance {unknown}
 A - 2 potions of cancellation {unknown}
 D - a potion of mutation {unknown}
 E - a potion of lignification {unknown}
 G - a potion of invisibility {unknown}
 H - 3 potions of resistance {unknown}
 M - a potion of haste {unknown}


   Skills:
 + Level 7.9 Fighting
 + Level 9.6(10.2) Short Blades
 + Level 5.8(8.9) Long Blades
 + Level 2.2 Throwing
 + Level 8.8 Armour
 + Level 8.6 Dodging
 + Level 2.6 Stealth
 - Level 9.0 Shields
 + Level 9.4 Invocations
 + Level 3.0 Evocations


You had 11 spell levels left.
You didn't know any spells.
Your spell library contained the following spells:

 Spells                   Type           Power      Damage    Failure   Level
 Poisonous Vapours        Pois/Air       0%         N/A       100%        2
 Sublimation of Blood     Necr           0%         N/A       100%        2
 Wereblood                Tmut           0%         N/A       100%        2
 Ignite Poison            Fire/Tmut/Pois 0%         N/A       100%        3
 Mephitic Cloud           Conj/Pois/Air  0%         N/A       100%        3
 Petrify                  Tmut/Erth      0%         N/A       100%        4
 Sticky Flame             Conj/Fire      0%         2d3       100%        4
 Freezing Cloud           Conj/Ice/Air   0%         6-21      100%        5
 Metabolic Englaciation   Hex/Ice        0%         N/A       100%        5
 Statue Form              Tmut/Erth      0%         N/A       100%        6
 Summon Hydra             Summ           0%         N/A       100%        7
 Ignition                 Fire           0%         3d3       100%        8


Dungeon Overview and Level Annotations

Branches:
Dungeon (10/15) Zot: 912     Lair (1/5) D:8 Zot: 556     Orc (2/2) D:9 Zot: 666
    Elf (0/3) Orc:2        Bailey (visited)
 Temple: D:4-7

Altars:
Ashenzari
Makhleb
Qazlal
Sif Muna
Vehumet
The Shining One

Shops:
D:6 **

Annotations:
Orc:2 Snorg


Innate Abilities, Weirdness & Mutations

You passively map the area around you.
You are easily found by Zot.
You glow in the dark.
You regain HP and MP as you explore.


Message History

* * * LOW HITPOINT WARNING * * *
Snorg closely misses you.
Your neqoxec hits the orc warrior. You completely miss Snorg.
Snorg is heavily wounded.
You block Snorg's attack. x3
You puncture Snorg!
Snorg is heavily wounded.
The orc hits you but does no damage.
The orc knight hits you but does no damage.
You block the orc's attack. You block the orc warrior's attack.
Your neqoxec barely misses the orc warrior.
You block Snorg's attack. Snorg claws you but does no damage. x2
You barely miss Snorg.
Snorg is heavily wounded.
The orc knight hits you but does no damage.
The orc hits you but does no damage. You block the orc warrior's attack.
The orc closely misses you.
Your neqoxec hits the orc warrior!
The orc warrior dies!
Makhleb accepts your kill. Snorg bites you.
* * * LOW HITPOINT WARNING * * *
You block Snorg's attack. Snorg claws you!
* * * LOW HITPOINT WARNING * * *
You closely miss Snorg.
Snorg is heavily wounded.
You block Snorg's attack. x2; Snorg claws you.
* * * LOW HITPOINT WARNING * * *
Unknown command.
You puncture Snorg!
Snorg is heavily wounded.
You block the orc's attack. You block the orc knight's attack.
The orc completely misses you.
You impale Snorg!! You drain Snorg.
Snorg is severely wounded.
You block Snorg's attack. Snorg closely misses you.
Snorg claws you but does no damage. The orc hits you with a +0 flail.
* * * LOW HITPOINT WARNING * * *
You block the orc's attack.
The orc knight hits you with a +0 great sword!
You die...

* ** ##.........#.#........ *
, ##.........####........ , *
###.....>....# #........ , *
* #..........### ##........
8....#...........###.........
,
....##............##.........
.o.......#...................
,
...........o.o.............##
,
8.....#...[3@..............#
,*
##..####.#)To.........#####
,... ####)[...........# * *
.., ###...........## **
##.#...........### **
#................#*# **,
,##................##. , * **
* ##................##.. *,
**#..........##.........


You could see Snorg (berserk, drained, ally target), an orc knight, 2 orcs and a
friendly neqoxec (summoned).

Vanquished Creatures
  Harold (D:9)
  A two-headed ogre (Orc:2)
  Urug (Orc:2)
  2 orc knights
  An elephant (D:8)
  Joseph (D:9)
  An unseen horror (D:10)
  A komodo dragon (D:10)
  3 trolls
  5 wyverns
  12 yaks
  A basilisk (D:8)
  A water moccasin (D:7)
  3 ice beasts
  18 orc warriors
  3 ogres (Orc:2)
  A centaur (D:9)
  A bullfrog (D:9)
  2 gnoll sergeants
  3 scorpions
  A water moccasin zombie (D:6)
  A wyvern zombie (D:6)
  A wyvern skeleton (D:6)
  13 wights
  7 killer bees
  6 howler monkeys
  2 centaur zombies (D:6)
  2 bullfrog zombies (D:6)
  2 hounds
  A jelly (D:7)
  8 orc priests
  2 bullfrog skeletons (D:6)
  A gnoll bouda (D:7)
  2 centaur skeletons (D:6)
  2 iguanas
  5 orc wizards
  A killer bee zombie (D:6)
  A howler monkey zombie (D:6)
  18 gnolls
  6 adders
  A shadow imp (D:7)
  A white imp (D:5)
  An ufetubus (D:6)
  2 worms
  6 dart slugs
  44 orcs
  7 ball pythons
  6 bats
  8 endoplasms
  6 giant cockroaches
  9 goblins
  5 hobgoblins
  6 jackals
  8 kobolds
  8 quokkas
  2 frilled lizards
  4 hobgoblin zombies (D:5)
  A kobold zombie (D:5)
  3 orc skeletons (D:5)
  An orc zombie (D:5)
  7 rats
280 creatures vanquished.

Vanquished Creatures (collateral kills)
  An orc sorcerer (D:9)
  A water moccasin (D:6)
  2 orc warriors
  A scorpion (D:5)
  An orc priest (D:5)
  A gnoll bouda (D:5)
  2 gnolls (D:5)
  An ufetubus (D:5)
  A dart slug (D:5)
  7 orcs (Bailey)
18 creatures vanquished.

Grand Total: 298 creatures vanquished

Notes
Turn   | Place    | Note
-------+----------+-------------------------------------------
     0 | D:1      | monsoonserge the Meteoran Monk began the quest for the Orb.
     0 | D:1      | Reached XP level 1. HP: 19/19 MP: 2/2
   129 | D:1      | Reached XP level 2. HP: 23/26 MP: 3/3
   277 | D:1      | Reached XP level 3. HP: 13/31 MP: 4/4
   405 | D:1      | Reached XP level 4. HP: 18/40 MP: 5/5
   491 | D:1      | Glimpsed the power of Zot.
  1045 | D:3      | Found a broken altar of Ashenzari.
  1045 | D:3      | Found a faded altar of an unknown god.
  1049 | D:3      | Reached skill level 1 in Armour
  1049 | D:3      | Reached XP level 5. HP: 44/46 MP: 6/6
  1052 | D:3      | Found a stormy altar of Qazlal.
  1054 | D:3      | Found a radiant altar of Vehumet.
  1055 | D:3      | Found a shimmering blue altar of Sif Muna.
  1067 | D:3      | Prayed at the altar of an unknown god.
  1067 | D:3      | Became a worshipper of Makhleb the Destroyer
  1067 | D:3      | Reached * piety under Makhleb
  1067 | D:3      | Reached ** piety under Makhleb
  1246 | D:3      | Reached *** piety under Makhleb
  1252 | D:3      | Reached skill level 1 in Invocations
  1269 | D:3      | Identified the amulet "Ponkieb" {Spirit rC+ Str-3 Dex+2}
  1563 | D:4      | Reached XP level 6. HP: 51/52 MP: 7/7
  1565 | D:4      | Reached skill level 1 in Short Blades
  1821 | D:5      | Entered Level 5 of the Dungeon
  1832 | D:5      | Noticed an ice beast
  1863 | D:4      | Killed an ice beast
  1864 | D:4      | Reached XP level 7. HP: 29/59 MP: 7/10
  1917 | D:5      | Reached skill level 1 in Shields
  1926 | D:5      | Reached XP level 8. HP: 45/67 MP: 8/12
  1941 | D:5      | Reached **** piety under Makhleb
  1942 | D:5      | Reached skill level 5 in Dodging
  2168 | D:5      | Found a glowing golden altar of the Shining One.
  2229 | D:5      | You fall into a shaft and drop 3 floors!
  2329 | D:7      | Reached skill level 5 in Invocations
  2565 | D:7      | Found a flagged portal.
  2607 | Bailey   | Entered a bailey
  2635 | Bailey   | Gained mutation: You passively map the area around you.
                  | [Meteoran growth]
  2635 | Bailey   | Reached XP level 9. HP: 61/73 MP: 14/14
  2663 | Bailey   | Noticed an orc knight
  2707 | Bailey   | Reached skill level 5 in Armour
  2707 | Bailey   | Reached skill level 1 in Stealth
  2786 | Bailey   | Killed an orc knight
  2787 | Bailey   | Reached skill level 5 in Fighting
  2787 | Bailey   | Reached skill level 5 in Short Blades
  2809 | Bailey   | Reached skill level 1 in Throwing
  3086 | Bailey   | Identified the +10 war axe "Losipsaerph" {freeze, *Corrode
                  | MP+9 Int+6}
  3100 | Bailey   | Glimpsed the power of Zot.
  3146 | Bailey   | Identified the +4 cloak of Sif Muna's Respect {Stlth+}
  3151 | Bailey   | Glimpsed the power of Zot.
  3182 | Bailey   | Reached XP level 10. HP: 41/81 MP: 9/16
  3192 | Bailey   | Glimpsed the power of Zot.
  3390 | D:7      | Reached skill level 5 in Shields
  3553 | D:6      | Reached ***** piety under Makhleb
  3702 | D:6      | Found Niurghido's General Store.
  3704 | D:6      | Found Nilimnocw's Specific Store.
  4062 | D:8      | Found a staircase to the Lair.
  4062 | D:8      | Noticed an elephant
  4095 | D:8      | Killed an elephant
  4252 | D:8      | Reached XP level 11. HP: 79/88 MP: 15/18
  4371 | Lair:1   | Entered Level 1 of the Lair of Beasts
  4574 | D:9      | Reached skill level 1 in Evocations
  4585 | D:9      | Reached skill level 5 in Long Blades
  4648 | D:9      | Noticed Joseph
  4658 | D:9      | Killed Joseph
  4669 | D:9      | Identified the +7 short sword of Responsibility {drain,
                  | Str+3}
  4680 | D:9      | Found a staircase to the Orcish Mines.
  5146 | D:10     | Entered Level 10 of the Dungeon
  5768 | Orc:1    | Entered Level 1 of the Orcish Mines
  5768 | Orc:1    | Noticed Harold
  5768 | Orc:1    | Noticed an orc sorcerer
  5771 | Orc:1    | Paralysed by an orc sorcerer for 5 turns
  5776 | Orc:1    | Noticed a soul eater
  5791 | D:9      | Killed an orc sorcerer
  5792 | D:9      | Reached XP level 12. HP: 40/97 MP: 19/19
  5792 | D:9      | Killed Harold
  6038 | Orc:2    | Entered Level 2 of the Orcish Mines
  6119 | Orc:2    | Noticed a two-headed ogre
  6136 | Orc:2    | Killed a two-headed ogre
  6143 | Orc:2    | Found a staircase to the Elven Halls.
  6250 | Orc:2    | Noticed an orc knight
  6292 | Orc:2    | Noticed Urug
  6308 | Orc:1    | Noticed an orc knight
  6309 | Orc:1    | Noticed Snorg
  6322 | Orc:2    | Reached ****** piety under Makhleb
  6331 | Orc:2    | Noticed an orc knight
  6335 | Orc:2    | Killed Urug
  6376 | Orc:2    | Killed an orc knight
  6418 | Orc:2    | HP: 1/101 [orc/+0 flail (5)]
  6418 | Orc:2    | Mangled by an orc knight

Illustrated notes

Levels and vault maps discovered:
D:1:      saegor_arrival_simple_d, layout_loops_cross
D:2:      layout_rooms, kennysheep_flooded_box, minmay_pentomino_r4
D:3:      layout_loops_ring, chequers_temple_overflow_minitemple,
          minmay_gold_behind_fungi
D:4:      minmay_inner_zag, layout_cave_pods
D:5:      layout_basic, nicolae_tso_besieged_by_evil
D:6:      layout_rooms, serial_undead, serial_undead_a, serial_undead_d,
          serial_undead_f, serial_undead_e, nicolae_specific_store
D:7:      nicolae_BIG_FREAKIN_CUBE, layout_loops_cross,
          minmay_temple_entry_proselytizer, enter_bailey_7
D:8:      layout_basic, david_lair_generic
D:9:      layout_stronghold, uniq_joseph
D:10:     layout_basic
Lair:1:   layout_cave_pods, minmay_holes, grunt_forest_small_clearing_treed,
          serial_bayou_shore_b, grunt_megastairs_4, uniq_maggie
Orc:1:    layout_caves, basic_altar, minmay_orc_temple_a, uniq_harold,
          uniq_snorg
Orc:2:    grunt_orc_cross, layout_diamond_mine, guppyfry_orc_lava_fort

Skill      XL: |  1  2  3  4  5  6  7  8  9 10 11 12 |
---------------+-------------------------------------+-----
Long Blades    | 4 5 |  5.8
Dodging        | 4 5 6 7 8 |  8.6
Fighting       | 4 5 6 7 |  7.9
Armour         | 1 3 4 5 6 8 |  8.8
Invocations    | 1 3 4 5 7 8 9 |  9.4
Short Blades   | 2 3 4 5 7 8 9 |  9.6
Shields        | 1 2 4 6 8 9 |  9.0
Stealth        | 2 |  2.6
Throwing       | 1 2 |  2.2
Evocations     | 3 |  3.0

Action                     |  1- 3 |  4- 6 |  7- 9 | 10-12 || total
---------------------------+-------+-------+-------+-------++-------
  Melee: Falchion          |    92 |    19 |       |       ||   111
         Short sword       |       |   127 |   246 |   695 ||  1068
         Long sword        |       |       |       |     7 ||     7
  Throw: Dart              |       |       |    13 |     5 ||    18
 Invoke: Minor Destruction |       |    10 |     3 |    15 ||    28
         Lesser Servant of |       |       |     5 |     6 ||    11
  Evoke: Wand              |       |       |       |     1 ||     1
    Use: Potion            |       |       |     2 |     7 ||     9
   Stab: Distracted        |       |       |       |     1 ||     1
         Sleeping          |       |       |       |     1 ||     1
         Paralysed         |       |       |       |     1 ||     1
 Armour: Robe              |     6 |       |       |       ||     6
         Ring mail         |    24 |    51 |    53 |    32 ||   160
         Scale mail        |       |       |       |   175 ||   175
         Plate armour      |       |       |       |    33 ||    33
  Dodge: Dodged            |    66 |    79 |    83 |   191 ||   419
  Block: Buckler           |       |     7 |    29 |       ||    36
         Kite shield       |       |       |    78 |   476 ||   554
         Reflection        |       |       |       |     5 ||     5
